 Dungeon Crawl Stone Soup version 0.21.1-1-g345015f (webtiles) character file.

586049 glosham the Wrestler (level 25, -9/247 HPs)
             Began as a Troll Enchanter on June 4, 2018.
             Was the Champion of Cheibriados.
             Killed from afar by a Brimstone Fiend (35 damage)
             ... with damnation
             ... on level 7 of Gehenna on June 5, 2018.
             The game lasted 15:43:49 (34938 turns).

glosham the Wrestler (Troll Enchanter)             Turns: 34938, Time: 15:43:51

Health: -9/247     AC: 21    Str: 43    XL:     25   Next: 52%
Magic:  15/32      EV: 22    Int: 27    God:    Cheibriados [******]
Gold:   2137       SH: 31    Dex: 38    Spells: 8/38 levels left

rFire    + + +     SeeInvis +     - Unarmed
rCold    x . .     Gourm    +   Z - +0 large shield of Miracles {Dex+5}
rNeg     . . .     Faith    .   X - +1 fire dragon scales
rPois    +         Spirit   .   W - +2 hat {SInv}
rElec    .         Reflect  +   Y - +2 cloak {MR+}
rCorr    .         Harm     .   (gloves unavailable)
MR       +....                  (boots unavailable)
Stlth    +++.......             z - +5 amulet of reflection
HPRegen  1.91/turn              A - ring of Fukhota {rC+ MR+ Slay+2 Stlth+}
MPRegen  0.23/turn              D - ring of Awe {Fire rPois Dex+6}

@: appendage, vulnerable, regenerating, very slow
A: large, unfitting armour, claws 3, horns 2, deterioration 1, fast metabolism
3, gourmand, regeneration 1, shaggy fur 1, tough skin 2, no potion heal 1
}: 4/15 runes: serpentine, barnacled, silver, abyssal
a: End Transformation, Bend Time, Temporal Distortion, Slouch, Step From Time,
Renounce Religion


You were on level 7 of Gehenna.
You worshipped Cheibriados.
Cheibriados was exalted by your worship.
You were not hungry.
You had grown temporary horns.
You visited 11 branches of the dungeon, and saw 51 of its levels.
You visited the Abyss 2 times.
You also visited: Trove, Bailey, Ice Cave and Wizlab.

You collected 8514 gold pieces.
You spent 6377 gold pieces at shops.

Inventory:

Missiles
 c - 87 large rocks (quivered)
 d - 13 throwing nets
Armour
 E - a scarf of resistance
 G - a scarf of cloud immunity
 W - a +2 hat of see invisible (worn)
 X - +1 fire dragon scales (worn)
 Y - a +2 cloak of magic resistance (worn)
 Z - the +0 large shield of Miracles (worn) {Dex+5}
   (You acquired it on level 2 of the Vaults)

   It affects your dexterity (+5).
Magical Staves
 b - an uncursed staff of wizardry {!a}
 H - an uncursed staff of conjuration {!a}
 I - an uncursed staff of power {!a}
Jewellery
 z - a +5 amulet of reflection (around neck)
 A - the ring of Fukhota (left claw) {rC+ MR+ Slay+2 Stlth+}
   (You found it in a treasure trove)

   [ring of stealth]

   It affects your accuracy and damage with ranged weapons and melee attacks
   (+2).
   It protects you from cold.
   It affects your resistance to hostile enchantments.
   It makes you more stealthy.
 B - an uncursed ring of protection from magic
 C - an uncursed ring of protection from cold
 D - the ring of Awe (right claw) {Fire rPois Dex+6}
   (You found it in a treasure trove)

   [ring of fire]

   It enhances your fire magic.
   It affects your dexterity (+6).
   It protects you from fire.
   It makes you vulnerable to cold.
   It protects you from poison.
 F - an uncursed ring of flight
 L - the ring "Puam Eqo" {+Fly MR++ Int-5 Dex+2}
   (You took it off a balrug on level 7 of Gehenna)

   [ring of dexterity]

   It affects your intelligence (-5).
   It affects your dexterity (+2).
   It affects your resistance to hostile enchantments.
   It lets you fly.
 S - an uncursed ring of resist corrosion
Wands
 f - a wand of acid (23)
 g - a wand of digging (10)
 h - a wand of polymorph (50)
 i - a wand of paralysis (36)
 K - a wand of enslavement (17)
Scrolls
 j - 4 scrolls of immolation
 k - 23 scrolls of teleportation
 l - 2 scrolls of blinking
 m - 4 scrolls of fog
 n - 5 scrolls of fear
 o - 15 scrolls of remove curse
 p - 21 scrolls of identify
 w - 2 scrolls of silence {!r}
Potions
 e - 3 potions of cancellation
 r - 23 potions of curing
 s - 5 potions of heal wounds
 t - 5 potions of magic
 u - 5 potions of resistance
 v - 5 potions of brilliance
 x - 4 potions of agility
 y - 3 potions of might
Miscellaneous
 J - the horn of Geryon
Comestibles
 a - 58 rations


   Skills:
 * Level 13.7 Fighting
   Level 0.7 Short Blades
 - Level 12.0 Throwing
 - Level 11.0 Armour
 - Level 12.0 Dodging
 - Level 1.5 Stealth
 - Level 15.0 Shields
 * Level 22.6 Unarmed Combat
 - Level 7.0 Spellcasting
 + Level 2.9 Hexes
 + Level 2.8 Charms
 - Level 11.6 Summonings
 + Level 4.7 Necromancy
 + Level 7.4 Translocations
 - Level 9.0 Transmutations
 - Level 11.0 Invocations


You had 8 spell levels left.
You knew the following spells:

 Your Spells              Type           Power        Failure   Level  Hunger
a - Apportation           Tloc           #####.       1%          1    None
b - Blink                 Tloc           N/A          1%          2    None
c - Confusing Touch       Hex            ####..       2%          1    None
g - Passage of Golubria   Tloc           N/A          4%          4    ###....
j - Aura of Abjuration    Summ           ######....   2%          5    #####..
p - Portal Projectile     Hex/Tloc       #####.       3%          3    None
r - Regeneration          Chrm/Necr      ####......   6%          3    None
s - Shroud of Golubria    Chrm/Tloc      #####.....   1%          2    None
x - Blade Hands           Tmut           ######....   7%          5    #####..
z - Beastly Appendage     Tmut           ######       1%          1    None
B - Summon Butterflies    Summ           ######..     1%          1    None
P - Passwall              Tmut/Erth      ####......   2%          2    None


Dungeon Overview and Level Annotations

Branches:
Dungeon (15/15)            Temple (1/1) D:5            Lair (6/6) D:9
 Shoals (4/4) Lair:2        Snake (4/4) Lair:3        Slime (0/5) Lair:6
    Orc (2/2) D:9             Elf (3/3) Orc:2        Vaults (5/5) D:13
  Crypt (0/3) Vaults:2     Depths (3/5) D:15           Hell (1/1)
    Geh (7/7) Hell            Tar (0/7) Hell
    Dis: Hell:1         Coc: Hell:1

Altars:
Ashenzari
Cheibriados
Dithmenos
Elyvilon
Fedhas
Gozag
Hepliaklqana
Kikubaaqudgha
Makhleb
Nemelex Xobeh
Okawaru
Qazlal
Ru
Sif Muna
Trog
Uskayaw
Vehumet
Wu Jian
Xom
Yredelemnul
Zin
The Shining One
Beogh

Shops:
D:7 [   Orc:2 *[=(   Shoals:2 :?*   Vaults:2 }!(?%   Vaults:4 :   Vaults:5 }!=(

Portals:
Hell: Depths:1 Depths:3
Abyss: Depths:3
Ziggurat: Depths:3

Annotations:
Elf:2 3 runed doors


Innate Abilities, Weirdness & Mutations

You are too large for most types of armour.
You have claws for hands.
Your metabolism is lightning-fast.
You like to eat raw meat.
Your natural rate of healing is unusually fast.
You are covered in fur. (AC +1)
You have very tough skin. (AC +2)
You have a pair of horns on your head.
Your body sometimes deteriorates upon taking damage.
Potions are less effective at restoring your health.


Message History

The Brimstone Fiend calls on the powers of darkness!
Your body is wracked with pain!
Throwing (i - inventory. (,) - cycle):
c - 90 large rocks (quivered)
Press: ? - help, Shift-Dir - straight line, f - tormentor
Aim: a tormentor You magically throw a large rock.
The large rock closely misses the tormentor.
The Brimstone Fiend calls on the powers of darkness!
Your body is wracked with pain!
* * * LOW HITPOINT WARNING * * *
The tormentor calls on the powers of darkness!
Your body is wracked with pain!
* * * LOW HITPOINT WARNING * * *
As you read the scroll of fog, it crumbles to dust.
The scroll dissolves into smoke.
Throwing (i - inventory. (,) - cycle):
c - 89 large rocks (quivered)
Press: ? - help, Shift-Dir - straight line, f/p - tormentor
Aim: a tormentor (purple smoke)
You magically throw a large rock.
The large rock hits the tormentor.
The tormentor is lightly wounded.
You block the tormentor's attack. x2
You closely miss the tormentor. You headbutt the tormentor.
The tormentor is lightly wounded.
You block the tormentor's attack. x2
You eviscerate the tormentor!!!
You kill the tormentor!
Cheibriados appreciates the change of pace.
Casting: Portal Projectile
Confirm with . or Enter, or press ? or * to list all spells.
Your skin crawls.
Throwing (i - inventory. (,) - cycle):
c - 88 large rocks (quivered)
Press: ? - help, Shift-Dir - straight line, f - Brimstone Fiend
Aim: a Brimstone Fiend (purple smoke)
You magically throw a large rock.
The large rock hits the Brimstone Fiend!!!
The Brimstone Fiend is severely wounded.
You are no longer teleporting projectiles to their destination.
The Brimstone Fiend gestures at you.
The sphere of damnation explodes!
The damnation engulfs you!
You die...

.# #.....#.##
.## ##.....#..#
..# #......##.#
..###
#.......#)#
....#
........#.#
......
.......'#'##
......
......''...##
......
.#####.....#
.#####
#1@§§.....# ##
#.(.2§###.....#
# .1.####
##...## # #
##### # # .


You could see a Brimstone Fiend and a hellion.

Vanquished Creatures
  Frederick (Vaults:4)
  Vashnia (Snake:4)
  Bai Suzhen (Shoals:3)
  Geryon (Hell)
  A bone dragon (Abyss:2)
  Nikola (Shoals:4)
  A Hellbinder (WizLab)
  Jorgrun (Shoals:2)
  12 Brimstone Fiends
  2 hellephants (Hell)
  4 liches
  4 tentacled monstrosities
  A Hell Sentinel (Geh:7)
  5 titans
  A kraken (Shoals:2)
  A deep elf master archer (Elf:3)
  A deep elf blademaster (Elf:3)
  The ghost of diana the Fencer, an adept DsGl of Cheibriados (Snake:3)
  Gastronok (D:8)
  An ancient champion (Vaults:2)
  3 storm dragons (Vaults:5)
  A tentacled starspawn (Abyss:3)
  4 shadow dragons
  3 sphinxes
  The ghost of infcreate the Severer, an adept MiFi of Trog (Elf:3)
  Roxanne (Shoals:3)
  Kirke (Shoals:1)
  Donald (Shoals:3)
  Polyphemus (Shoals:2)
  Ilsuiw (Shoals:4)
  14 nagarajas
  The ghost of Zorot the Martial Artist, an adept OpMo of Cheibriados (Shoals:1)
  2 iron dragons (Vaults:5)
  3 tengu reavers (Vaults:5)
  7 frost giants
  7 deep elf sorcerers
  3 cacodemons
  8 fire giants
  Aizul (Snake:4)
  13 balrugs
  2 ghouls (D:15)
  10 ironheart preservers
  18 vault wardens
  6 deep elf elementalists
  9 reapers
  4 war gargoyles
  18 very ugly things
  2 ophanim (Abyss:2)
  10 stone giants
  2 vampire knights
  7 deep elf demonologists
  3 entropy weavers
  The ghost of MordorOrchid the Destroyer, a journeyman DgWn (Lair:5)
  4 lorocyprocas
  A black sun (WizLab)
  10 deep elf annihilators
  2 spark wasps (Depths:2)
  Nessos (Orc:2)
  A starcursed mass (Abyss:3)
  Snorg (Lair:3)
  4 green deaths (WizLab)
  An eidolon (Vaults:2)
  18 merfolk impalers
  4 blizzard demons
  5 merfolk javelineers (Shoals:4)
  7 deep elf death magi (Elf:3)
  2 quicksilver dragon zombies (Geh:7)
  18 ettins
  2 deep elf high priests
  4 great orbs of eyes
  16 yaktaur captains
  The ghost of Avalon the Fighter, a journeyman MiBe of Trog (Orc:1)
  4 fire dragons
  2 minotaurs (D:13)
  6 hell beasts
  3 ice dragons
  Fannar (Lair:3)
  26 vault guards
  13 naga warriors
  3 merfolk avatars
  10 hydras
  5 merfolk aquamancers
  9 ogre magi
  6 anacondas
  A catoblepas (Shoals:2)
  6 centaur warriors
  2 satyrs (Shoals:4)
  30 dancing weapons
  27 two-headed ogres
  A deep troll shaman (Vaults:2)
  A vampire mage (Depths:1)
  3 deep troll earth magi
  30 hell hogs
  12 death yaks
  13 naga sharpshooters
  5 tengu warriors
  16 sun demons
  2 thrashing horrors (Abyss:3)
  19 deep elf knights
  2 titan zombies
  34 hell knights
  4 soul eaters (Depths:3)
  6 shock serpents
  5 storm dragon zombies
  4 wretched stars
  3 sixfirhies
  3 salamander mystics
  11 skeletal warriors
  A golden dragon zombie (Geh:7)
  3 shadow wraiths
  3 iron trolls
  11 deep trolls
  10 sea snakes
  5 large abominations
  A spatial maelstrom (Abyss:2)
  2 unseen horrors
  A shadow demon (WizLab)
  A wizard (Vaults:2)
  5 flayed ghosts
  An orange crystal statue (Elf:2)
  A kraken simulacrum (Shoals:4)
  9 ironbrand convokers
  29 harpies
  The ghost of fly the Chopper, a novice TeFi of Okawaru (D:7)
  12 deep elf archers
  4 phantasmal warriors
  5 orc knights
  A wolf spider zombie (Hell)
  Pikel (D:7)
  3 shadow dragon zombies
  55 deep elf magi
  12 necromancers
  5 golden dragon skeletons
  12 naga ritualists
  3 stone giant zombies
  A mana viper (shapeshifter) (Vaults:5)
  6 fire giant zombies
  3 shadow dragon skeletons
  19 ugly things
  3 iron dragon zombies
  10 mana vipers
  2 wolf spiders (Vaults:2)
  2 frost giant zombies
  2 fauns (shapeshifter)
  5 fauns
  12 manticores
  13 cyclopes
  3 worldbinders
  An oklob plant (D:12)
  A cyclops (shapeshifter) (Vaults:5)
  An elephant (shapeshifter) (Vaults:5)
  8 salamanders
  Maurice (D:9)
  5 rust devils
  11 elephants
  8 merfolk sirens
  4 stone giant skeletons
  An iron dragon skeleton (Geh:3)
  2 guardian serpents
  A black mamba (shapeshifter) (Vaults:3)
  A frost giant skeleton (Geh:7)
  31 naga magi
  4 water nymphs
  8 molten gargoyles
  35 black mambas
  7 vault sentinels
  7 orange demons
  A gargoyle (D:11)
  A torpor snail (shapeshifter) (Elf:3)
  An ice statue (IceCv)
  A dire elephant zombie (Abyss:3)
  4 centaur skeletons
  6 smoke demons
  A spiny frog (shapeshifter) (Vaults:3)
  3 rime drakes
  6 efreet
  3 rime drakes (shapeshifter)
  16 spiny frogs
  15 hellions
  A dire elephant skeleton (Geh:6)
  A shock serpent skeleton (Geh:7)
  51 yaktaurs
  A kobold demonologist (D:15)
  A demonic crawler (Hell)
  An ice devil (WizLab)
  11 komodo dragons
  A catoblepas skeleton (Geh:7)
  9 tormentors
  9 freezing wraiths
  2 hellwings (WizLab)
  3 meliai (D:15)
  2 tengu conjurers
  10 red devils
  A troll (shapeshifter) (D:13)
  32 merfolk
  A jumping spider (Vaults:2)
  5 trolls
  A hydra skeleton (Geh:7)
  A harpy zombie (Geh:7)
  4 wind drakes
  A silent spectre (Abyss:3)
  27 polar bears
  2 ettin zombies
  3 hornets
  A blink frog (shapeshifter) (Vaults:4)
  A wind drake (shapeshifter) (Vaults:4)
  A frost giant simulacrum (Vaults:2)
  A raiju (shapeshifter) (Depths:1)
  4 raiju (Abyss:2)
  3 snapping turtles
  A snapping turtle (shapeshifter) (Vaults:4)
  2 black mamba zombies
  8 slime creatures
  3 dream sheep (Shoals:4)
  An ice dragon zombie (Geh:7)
  3 meliai zombies
  10 hippogriffs
  A fire dragon zombie (Geh:6)
  5 ettin skeletons
  2 air elementals
  Sigmund (D:4)
  23 flying skulls
  A fire dragon skeleton (Geh:2)
  A fire giant simulacrum (Vaults:2)
  4 ynoxinuls
  3 shadows
  13 redbacks
  2 spriggans (Lair:1)
  3 tarantellas (Vaults:5)
  15 water elementals
  A yak (shapeshifter) (Elf:3)
  66 yaks
  4 golden eyes (Abyss:3)
  12 wraiths
  21 fire elementals
  2 hogs (Shoals:2)
  8 wyverns
  5 neqoxecs
  A steam dragon (shapeshifter) (Vaults:5)
  A golden eye (shapeshifter) (Elf:3)
  3 hungry ghosts
  2 basilisks
  2 chaos spawn (Abyss:3)
  41 nagas
  8 wargs
  23 hell hounds
  A swamp worm (shapeshifter) (Elf:3)
  A soldier ant (D:8)
  16 water moccasins
  A merfolk skeleton (Geh:7)
  3 porcupines
  The ghost of chooseryan the Grave Robber, an amateur DENe (D:4)
  A soldier ant (shapeshifter) (Vaults:4)
  A spiny frog zombie (Geh:2)
  2 floating eyes
  27 orc warriors
  7 sky beasts
  2 slaves (D:7)
  An eye of draining (D:6)
  A hornet zombie (D:15)
  2 swamp dragon zombies
  3 ice beasts
  3 necrophages
  A phantom (Geh:6)
  A spriggan simulacrum (Depths:1)
  23 ogres
  An elf zombie (Vaults:2)
  A tengu (shapeshifter) (Elf:1)
  33 wolves
  12 centaurs
  A swamp dragon skeleton (Geh:2)
  A manticore skeleton (Geh:3)
  16 crocodiles
  3 big kobolds
  15 bullfrogs
  7 earth elementals
  An elf skeleton (Geh:3)
  2 scorpions (D:9)
  6 killer bees (D:12)
  26 wights
  4 electric eels
  16 crimson imps
  2 bullfrog zombies (D:12)
  2 human zombies
  2 quasits
  11 centaur zombies
  5 hounds
  14 orc priests
  3 jellies
  30 orc wizards
  5 bullfrog skeletons
  Ijyb (D:4)
  6 iguanas
  2 small abominations
  13 worker ants
  2 human skeletons
  3 mummies (D:15)
  Robin (D:2)
  A worker ant zombie (D:7)
  A howler monkey skeleton (D:6)
  15 gnolls
  19 adders
  3 shadow imps
  2 white imps (Hell)
  An ufetubus (Abyss:3)
  An ooze (D:1)
  2 worms (D:2)
  A dart slug (D:1)
  70 orcs
  7 giant cockroaches
  23 goblins
  14 hobgoblins
  7 jackals
  34 kobolds
  6 quokkas
  4 ball pythons
  7 bats
  4 frilled lizards
  A jackal skeleton (D:5)
  A leopard gecko skeleton (D:8)
  9 rats
  3 butterflies
  3 crawling corpses (Elf:3)
  A fungus (D:12)
  7 plants
  5 tentacles
  A toadstool (D:12)
2205 creatures vanquished.

Vanquished Creatures (collateral kills)
  A deep elf elementalist (Elf:3)
  2 deep elf death magi (Elf:3)
  A hog (Shoals:2)
  A phantom (D:13)
  An eye of draining (D:13)
  A wight (D:13)
7 creatures vanquished.

Vanquished Creatures (others)
  A deep elf master archer (Elf:3)
  A deep elf sorcerer (Elf:3)
  2 stone giants
  2 yaktaur captains (Vaults:5)
  A hell hog (Geh:3)
  2 deep elf archers
  A naga ritualist (Snake:3)
  A harpy (Shoals:4)
  A deep elf mage (Elf:1)
  A mana viper (Snake:1)
  A black mamba (Snake:1)
  14 yaktaurs
  A flying skull (Geh:2)
  A shadow (Geh:3)
  A fire elemental (Geh:4)
  A dancing weapon (D:11)
  An iguana (D:8)
  A quokka (D:8)
  8 fungi
  20 plants
  2 starspawn tentacles (Abyss:3)
  6 tentacles
  11 toadstools (D:12)
  A withered plant (D:15)
82 creatures vanquished.

Grand Total: 2294 creatures vanquished

Notes
Turn   | Place    | Note
-------+----------+-------------------------------------------
     0 | D:1      | glosham the Troll Enchanter began the quest for the Orb.
     0 | D:1      | Reached XP level 1. HP: 16/16 MP: 1/1
    79 | D:1      | Reached skill level 1 in Unarmed Combat
    90 | D:1      | Reached XP level 2. HP: 26/26 MP: 2/2
   119 | D:2      | Reached skill level 1 in Fighting
   130 | D:2      | Reached skill level 2 in Unarmed Combat
   165 | D:2      | Reached XP level 3. HP: 33/33 MP: 0/3
   381 | D:4      | Reached skill level 3 in Unarmed Combat
   381 | D:4      | Reached XP level 4. HP: 29/41 MP: 0/4
   429 | D:4      | Noticed Sigmund
   435 | D:4      | Killed Sigmund
   435 | D:4      | Reached skill level 5 in Unarmed Combat
   435 | D:4      | Reached XP level 5. HP: 48/48 MP: 3/5
   440 | D:4      | Noticed Ijyb
   479 | D:4      | Noticed chooseryan's ghost (amateur DENe)
   495 | D:4      | Killed chooseryan's ghost
   495 | D:4      | Reached skill level 2 in Fighting
   495 | D:4      | Reached XP level 6. HP: 36/57 MP: 0/6
   599 | D:5      | Entered Level 5 of the Dungeon
   829 | D:5      | Noticed a sky beast
   835 | D:5      | Killed a sky beast
   835 | D:5      | Reached skill level 6 in Unarmed Combat
   853 | D:5      | Reached XP level 7. HP: 66/66 MP: 7/7
  1014 | D:5      | Found a staircase to the Ecumenical Temple.
  1025 | Temple   | Entered the Ecumenical Temple
  1148 | Temple   | Became a worshipper of Cheibriados the Contemplative
  1219 | D:7      | Reached skill level 3 in Fighting
  1219 | D:7      | Reached skill level 7 in Unarmed Combat
  1356 | D:7      | Found Nydau's Antique Armour Shoppe.
  1424 | D:7      | Noticed Pikel
  1435 | D:7      | Killed Pikel
  1435 | D:7      | Reached skill level 4 in Fighting
  1435 | D:7      | Reached skill level 8 in Unarmed Combat
  1435 | D:7      | Reached XP level 8. HP: 35/77 MP: 5/8
  1469 | D:7      | Noticed fly's ghost (novice TeFi)
  1484 | D:7      | Killed fly's ghost
  1484 | D:7      | Reached skill level 9 in Unarmed Combat
  1560 | D:8      | Noticed Gastronok
  1701 | D:6      | Reached skill level 5 in Fighting
  1749 | D:6      | Reached * piety under Cheibriados
  1749 | D:6      | Reached XP level 9. HP: 73/88 MP: 9/9
  1863 | D:3      | Reached skill level 10 in Unarmed Combat
  2304 | D:1      | Reached ** piety under Cheibriados
  2612 | D:2      | Noticed Robin
  2652 | D:2      | Killed Robin
  2655 | D:2      | Reached *** piety under Cheibriados
  2782 | D:3      | Found a shadowy altar of Dithmenos.
  3251 | D:4      | Killed Ijyb
  3340 | D:4      | You fall through a shaft for 3 floors!
  3664 | D:8      | Noticed a two-headed ogre
  3668 | D:8      | Killed a two-headed ogre
  3668 | D:8      | Reached skill level 6 in Fighting
  3668 | D:8      | Reached skill level 11 in Unarmed Combat
  3748 | D:8      | Reached **** piety under Cheibriados
  3802 | D:8      | Noticed a two-headed ogre
  3803 | D:8      | Killed Gastronok
  3803 | D:8      | Reached skill level 7 in Fighting
  3803 | D:8      | Reached skill level 12 in Unarmed Combat
  3803 | D:8      | Reached XP level 10. HP: 46/102 MP: 10/10
  3807 | D:8      | HP: 8/102 [two-headed ogre/giant spiked club (6)]
  3811 | D:8      | Killed a two-headed ogre
  3964 | D:8      | Found a radiant altar of Vehumet.
  3993 | D:8      | Reached skill level 13 in Unarmed Combat
  4006 | D:8      | Found a shimmering altar of Xom.
  4356 | D:7      | Bought a runed scarf for 224 gold pieces
  4356 | D:7      | Bought an embroidered robe for 103 gold pieces
  4387 | D:6      | Learned a level 3 spell: Confuse
  4391 | D:6      | Learned a level 3 spell: Tukima's Dance
  4790 | D:8      | Reached skill level 2 in Dodging
  4806 | D:8      | Reached ***** piety under Cheibriados
  4982 | D:9      | Reached XP level 11. HP: 96/111 MP: 2/11
  5019 | D:9      | Found a staircase to the Orcish Mines.
  5024 | D:9      | Noticed Maurice
  5038 | D:9      | Killed Maurice
  5081 | D:9      | Reached skill level 8 in Fighting
  5204 | D:9      | Reached skill level 3 in Dodging
  5444 | D:9      | Found a staircase to the Lair.
  5507 | D:10     | Entered Level 10 of the Dungeon
  5582 | D:10     | Noticed an unseen horror
  5595 | D:10     | Killed an unseen horror
  5595 | D:10     | Reached skill level 14 in Unarmed Combat
  5823 | D:10     | Noticed a two-headed ogre
  5828 | D:10     | Killed a two-headed ogre
  5828 | D:10     | Reached skill level 4 in Dodging
  5858 | D:10     | Noticed a deep elf mage
  5881 | D:10     | Killed a deep elf mage
  5926 | D:10     | Found a portal to a secret trove of treasure.
  6165 | D:11     | Reached ****** piety under Cheibriados
  6675 | D:12     | Identified the +6 trident "Sootsade" {antimagic, rF+ Str+2} (You found it on level 12 of the Dungeon)
  6707 | D:12     | Found a blossoming altar of Fedhas.
  6716 | D:12     | Noticed an oklob plant
  6738 | D:12     | Killed an oklob plant
  6806 | D:12     | Noticed a cyan ugly thing
  6823 | D:12     | Killed a cyan ugly thing
  6823 | D:12     | Reached skill level 9 in Fighting
  6823 | D:12     | Reached XP level 12. HP: 115/123 MP: 12/12
  6826 | D:12     | Reached skill level 5 in Dodging
  6863 | D:12     | Noticed a five-headed hydra
  6873 | D:12     | HP: 8/123 [nine-headed hydra (7)]
  6875 | D:12     | Killed an 11-headed hydra
  6875 | D:12     | Reached skill level 15 in Unarmed Combat
  6946 | D:12     | Reached skill level 1 in Invocations
  6952 | D:12     | Reached skill level 2 in Invocations
  7022 | D:12     | Reached skill level 3 in Invocations
  7115 | D:12     | Reached skill level 4 in Invocations
  7288 | Lair:1   | Entered Level 1 of the Lair of Beasts
  7361 | Lair:1   | Reached skill level 1 in Throwing
  7401 | Lair:1   | Reached skill level 2 in Throwing
  7427 | Lair:2   | Reached skill level 3 in Throwing
  7445 | Lair:2   | Found a staircase to the Shoals.
  7468 | Lair:2   | Reached skill level 4 in Throwing
  7510 | Lair:2   | Reached skill level 5 in Throwing
  7536 | Lair:2   | Found a frozen archway.
  7573 | IceCv    | Entered an ice cave
  7615 | IceCv    | Reached skill level 6 in Throwing
  7777 | IceCv    | Reached skill level 7 in Throwing
  7832 | IceCv    | Reached XP level 13. HP: 87/131 MP: 15/15
  7885 | IceCv    | Noticed a frost giant
  7898 | IceCv    | Killed a frost giant
  7898 | IceCv    | Reached skill level 8 in Throwing
  8163 | Lair:2   | Reached skill level 1 in Shields
  8197 | Lair:2   | Reached skill level 2 in Shields
  8407 | Lair:1   | Reached skill level 3 in Shields
  8590 | Lair:3   | Reached skill level 4 in Shields
  8741 | Lair:3   | Noticed Snorg
  8747 | Lair:3   | Killed Snorg
  8828 | Lair:3   | Found a staircase to the Snake Pit.
  8920 | Lair:3   | Noticed Fannar
  8932 | Lair:3   | Killed Fannar
  9488 | Lair:1   | Reached skill level 9 in Throwing
  9730 | Lair:4   | Reached skill level 5 in Invocations
  9803 | Lair:4   | Reached skill level 5 in Shields
  9819 | Lair:4   | Reached XP level 14. HP: 84/140 MP: 16/16
  9947 | Lair:4   | Reached skill level 6 in Dodging
 10609 | Lair:5   | Noticed MordorOrchid's ghost (journeyman DgWn)
 10619 | Lair:5   | Killed MordorOrchid's ghost
 10658 | Lair:5   | Reached skill level 16 in Unarmed Combat
 10931 | Lair:6   | Entered Level 6 of the Lair of Beasts
 10952 | Lair:6   | Found a staircase to the Slime Pits.
 11111 | Lair:6   | Reached skill level 6 in Invocations
 11132 | Lair:6   | Reached skill level 10 in Fighting
 11370 | Lair:6   | Reached skill level 6 in Shields
 12130 | D:13     | Found a flagged portal.
 12149 | Bailey   | Entered a bailey
 12259 | Bailey   | Reached skill level 7 in Dodging
 12480 | D:15     | Entered Level 15 of the Dungeon
 12489 | D:15     | Reached skill level 10 in Throwing
 12490 | D:15     | Noticed a ghoul
 12500 | D:15     | Killed a ghoul
 12500 | D:15     | Reached XP level 15. HP: 132/149 MP: 18/18
 12729 | D:15     | Reached skill level 1 in Armour
 12830 | D:15     | Reached skill level 2 in Armour
 12884 | D:15     | Reached skill level 3 in Armour
 12896 | D:15     | Reached skill level 4 in Armour
 12999 | D:15     | Found a staircase to the Depths.
 13188 | D:15     | Found a glowing golden altar of the Shining One.
 13289 | D:14     | Reached skill level 5 in Armour
 14071 | D:13     | Found a gate to the Vaults.
 14354 | D:13     | Reached skill level 17 in Unarmed Combat
 14526 | D:13     | Reached skill level 7 in Shields
 14591 | D:13     | Reached skill level 6 in Armour
 14630 | D:13     | Found the +4 skin of Zhor {rC+++}
 15017 | Orc:1    | Entered Level 1 of the Orcish Mines
 15209 | Orc:1    | Noticed Avalon's ghost (journeyman MiBe)
 15233 | Orc:1    | Killed Avalon's ghost
 15261 | Orc:1    | Found a roughly hewn altar of Beogh.
 15343 | Orc:2    | Entered Level 2 of the Orcish Mines
 15414 | Orc:2    | Found a staircase to the Elven Halls.
 15422 | Orc:2    | Found Zokhly's Antique Weapon Shop.
 15433 | Orc:2    | Reached skill level 8 in Dodging
 15444 | Orc:2    | Reached XP level 16. HP: 58/158 MP: 19/19
 15457 | Orc:2    | Found Deni's General Store.
 15559 | Orc:2    | Found Did Egae's Jewellery Shoppe.
 15584 | Orc:2    | Noticed Nessos
 15600 | Orc:2    | Killed Nessos
 15612 | Orc:2    | Found Xoss's Antique Armour Shoppe.
 15891 | Orc:2    | Bought a scroll of teleportation for 42 gold pieces
 15891 | Orc:2    | Bought 2 potions of cancellation for 224 gold pieces
 15891 | Orc:2    | Bought a potion of might for 56 gold pieces
 15891 | Orc:2    | Bought a scroll of identify for 28 gold pieces
 15972 | Shoals:1 | Entered Level 1 of the Shoals
 16169 | Shoals:2 | Found Doasoadd's Magic Scroll Emporium.
 16170 | Shoals:2 | Noticed Polyphemus
 16180 | Shoals:2 | Killed Polyphemus
 16269 | Shoals:2 | Bought a scroll of blinking for 142 gold pieces
 16269 | Shoals:2 | Bought 3 scrolls of identify for 114 gold pieces
 16269 | Shoals:2 | Bought a scroll of identify for 38 gold pieces
 16269 | Shoals:2 | Bought a scroll of identify for 38 gold pieces
 16269 | Shoals:2 | Bought a scroll of identify for 38 gold pieces
 16293 | Shoals:2 | Found Sudass's Book Shoppe.
 16396 | Shoals:3 | Reached skill level 7 in Armour
 16396 | Shoals:3 | Reached skill level 8 in Shields
 16408 | Shoals:3 | Reached skill level 18 in Unarmed Combat
 16442 | Shoals:3 | Noticed Bai Suzhen
 16454 | Shoals:3 | Killed Bai Suzhen
 16476 | Shoals:3 | Noticed Donald
 16560 | Shoals:3 | Noticed Roxanne
 16624 | Shoals:3 | Killed Donald
 16680 | Shoals:3 | Killed Roxanne
 16684 | Shoals:3 | Identified Roxanne's Collected Works on the Rocks (You took it off Roxanne on level 3 of the Shoals)
 16689 | Shoals:3 | Learned a level 2 spell: Passwall
 16692 | Shoals:4 | Entered Level 4 of the Shoals
 16714 | Shoals:3 | Reached skill level 9 in Dodging
 17240 | Shoals:4 | Reached XP level 17. HP: 162/166 MP: 20/20
 17266 | Shoals:4 | Got a barnacled rune of Zot
 17312 | Shoals:4 | Reached skill level 8 in Armour
 17342 | Shoals:4 | HP: 12/166 [frost giant/bolt of cold (38)]
 17346 | Shoals:4 | Reached skill level 9 in Shields
 17610 | Shoals:4 | Noticed Nikola
 17616 | Shoals:4 | Killed Nikola
 17616 | Shoals:4 | Reached skill level 19 in Unarmed Combat
 17675 | Shoals:4 | Noticed Ilsuiw
 17686 | Shoals:4 | Killed Ilsuiw
 17915 | Shoals:2 | Noticed Jorgrun
 17920 | Shoals:2 | Killed Jorgrun
 17956 | Shoals:2 | Found Kosapre's General Store.
 18050 | Shoals:2 | Noticed a kraken
 18069 | Shoals:2 | Killed a kraken
 18092 | Shoals:1 | Noticed Zorot's ghost (adept OpMo)
 18142 | Shoals:2 | Reached skill level 10 in Dodging
 18180 | Shoals:2 | Bought a book of Misfortune for 320 gold pieces
 18180 | Shoals:2 | Bought a book of Geomancy for 560 gold pieces
 18180 | Shoals:2 | Bought a book of Unlife for 1040 gold pieces
 18197 | Shoals:2 | Noticed Kirke
 18238 | Shoals:1 | Learned a level 3 spell: Regeneration
 18240 | Shoals:1 | Learned a level 1 spell: Confusing Touch
 18246 | Shoals:1 | Learned a level 5 spell: Blade Hands
 18279 | Shoals:1 | Killed Kirke
 18346 | Shoals:1 | Killed Zorot's ghost
 18522 | Shoals:2 | Reached skill level 9 in Armour
 18597 | Shoals:2 | Bought 4 large rocks for 42 gold pieces
 19095 | Snake:1  | Entered Level 1 of the Snake Pit
 19230 | Snake:1  | Reached skill level 1 in Transmutations
 19385 | Snake:2  | Reached skill level 2 in Spellcasting
 19429 | Snake:3  | Reached skill level 10 in Shields
 19452 | Snake:3  | Reached XP level 18. HP: 174/174 MP: 21/21
 19458 | Snake:3  | Reached skill level 2 in Transmutations
 19503 | Snake:3  | Noticed diana's ghost (adept DsGl)
 19527 | Snake:3  | Killed diana's ghost
 19661 | Snake:4  | Entered Level 4 of the Snake Pit
 19736 | Snake:4  | Reached skill level 3 in Transmutations
 19770 | Snake:4  | Reached skill level 3 in Spellcasting
 19881 | Snake:4  | Noticed Vashnia
 19924 | Snake:4  | Killed Vashnia
 19941 | Snake:4  | Reached skill level 4 in Transmutations
 20106 | Snake:4  | Reached skill level 11 in Shields
 20450 | Snake:4  | Reached skill level 12 in Shields
 20831 | Snake:4  | Noticed Aizul
 20885 | Snake:4  | Reached skill level 5 in Transmutations
 20898 | Snake:4  | Reached XP level 19. HP: 182/182 MP: 23/23
 20958 | Snake:4  | Killed Aizul
 20965 | Snake:4  | Reached skill level 4 in Spellcasting
 21012 | Snake:4  | Got a serpentine rune of Zot
 21213 | Snake:3  | Found a transporter.
 21214 | Snake:3  | Found a deep blue altar of Sif Muna.
 21384 | Snake:3  | Found a transporter.
 21406 | Snake:3  | Identified the Catalogue of Twisted Orientation
 21413 | Snake:3  | Learned a level 4 spell: Passage of Golubria
 21714 | Elf:1    | Entered Level 1 of the Elven Halls
 22065 | Elf:1    | Reached skill level 6 in Transmutations
 22073 | Elf:1    | Reached skill level 13 in Shields
 22182 | Elf:1    | Reached skill level 5 in Spellcasting
 22217 | Elf:1    | Identified the Almanac of Confrontation
 22648 | Elf:2    | Learned a level 3 spell: Portal Projectile
 23133 | D:10     | You paid a toll of a +6 demon trident to enter a treasure trove
 23134 | Trove    | Entered a treasure trove
 23144 | Trove    | Identified the ring of Neobbe {rN+ Int+4} (You found it in a treasure trove)
 23159 | Trove    | Identified the ring of Fukhota {rC+ MR+ Slay+2 Stlth+} (You found it in a treasure trove)
 23164 | Trove    | Identified the +3 dagger of the Iron City of Dis {pierce, Int+4} (You found it in a treasure trove)
 23168 | Trove    | Identified the ring of Awe {Fire rPois Dex+6} (You found it in a treasure trove)
 23332 | Elf:2    | Found a runed gate.
 23332 | Elf:2    | Found a runed gate.
 23332 | Elf:2    | Found a runed gate.
 23392 | Elf:2    | Reached skill level 1 in Translocations
 23629 | Elf:2    | Reached skill level 2 in Translocations
 23731 | Elf:3    | Entered Level 3 of the Elven Halls
 23803 | Elf:3    | Noticed infcreate's ghost (adept MiFi)
 23813 | Elf:3    | Killed infcreate's ghost
 24071 | Elf:3    | Reached skill level 7 in Transmutations
 24078 | Elf:3    | Reached skill level 14 in Shields
 24165 | Elf:3    | Found a huge runed gate.
 24165 | Elf:3    | Found a huge runed gate.
 24165 | Elf:3    | Found a huge runed gate.
 24168 | Elf:3    | Found a huge runed gate.
 24168 | Elf:3    | Found a huge runed gate.
 24169 | Elf:3    | Found a huge runed gate.
 24169 | Elf:3    | Found a huge runed gate.
 24195 | Elf:3    | Found a huge runed gate.
 24195 | Elf:3    | Found a huge runed gate.
 24198 | Elf:3    | Found a huge runed gate.
 24203 | Elf:3    | Found a huge runed gate.
 24248 | Elf:3    | Found a huge runed gate.
 24249 | Elf:3    | Found a huge runed gate.
 24250 | Elf:3    | Found a huge runed gate.
 24252 | Elf:3    | Found a huge runed gate.
 24252 | Elf:3    | Found a huge runed gate.
 24252 | Elf:3    | Found a huge runed gate.
 24260 | Elf:3    | Found a huge runed gate.
 24260 | Elf:3    | Found a huge runed gate.
 24261 | Elf:3    | Found a huge runed gate.
 24261 | Elf:3    | Found a huge runed gate.
 24270 | Elf:3    | Found a huge runed gate.
 24270 | Elf:3    | Found a huge runed gate.
 24270 | Elf:3    | Found a huge runed gate.
 24320 | Elf:3    | Reached XP level 20. HP: 191/191 MP: 27/27
 24393 | Elf:3    | Reached skill level 3 in Translocations
 24646 | Elf:3    | Reached skill level 4 in Translocations
 24662 | Elf:3    | Identified the cursed +1 flail of Eternity {pain, Int+4} (You took it off a deep elf death mage on level 3 of the Elven Halls)
 24701 | Elf:3    | Identified the Handbook of Indemnity
 24752 | Elf:3    | Cast into level 2 of the Abyss (a deep elf demonologist)
 24765 | Abyss:2  | Found a roughly hewn altar of Beogh.
 24887 | Abyss:2  | Reached skill level 6 in Spellcasting
 24899 | Abyss:2  | Noticed a bone dragon
 24907 | Abyss:2  | Killed a bone dragon
 24999 | Elf:3    | Escaped the Abyss
 25032 | Elf:3    | Identified the +7 great mace of Destiny {venom, +Inv rElec MR-} (You took it off a deep elf demonologist on level 3 of the Elven Halls)
 25033 | Elf:3    | Identified the cursed ring "Ycotir" {MR++ Int-5} (You took it off a deep elf demonologist on level 3 of the Elven Halls)
 25059 | Elf:3    | Reached skill level 8 in Transmutations
 25062 | Elf:3    | Identified the +8 war axe of Akigol {chop, Str+6 Dex+2} (You took it off a deep elf death mage on level 3 of the Elven Halls)
 25269 | Elf:3    | Reached skill level 5 in Translocations
 25467 | Orc:2    | Bought a glowing blowgun for 187 gold pieces
 25776 | Vaults:1 | Entered Level 1 of the Vaults
 25889 | Vaults:2 | Reached skill level 6 in Translocations
 25908 | Vaults:2 | Found an iron altar of Okawaru.
 26008 | Vaults:2 | Reached skill level 15 in Shields
 26103 | Vaults:2 | Found a staircase to the Crypt.
 26134 | Vaults:2 | Reached XP level 21. HP: 190/198 MP: 29/29
 26351 | Vaults:2 | Reached skill level 7 in Translocations
 26435 | Vaults:2 | Found Anguyluri's Gadget Shop.
 26478 | Vaults:2 | Found Mur Vut's Food Shop.
 26508 | Vaults:2 | Found Suoqyeg's Magic Scroll Shop.
 26519 | Vaults:2 | Bought a scroll of identify for 30 gold pieces
 26519 | Vaults:2 | Bought a scroll of blinking for 112 gold pieces
 26519 | Vaults:2 | Bought a scroll of enchant weapon for 112 gold pieces
 26519 | Vaults:2 | Bought a scroll of identify for 30 gold pieces
 26519 | Vaults:2 | Bought a scroll of enchant armour for 112 gold pieces
 26519 | Vaults:2 | Bought a scroll of identify for 30 gold pieces
 26519 | Vaults:2 | Bought 3 scrolls of teleportation for 135 gold pieces
 26519 | Vaults:2 | Bought a scroll of identify for 30 gold pieces
 26519 | Vaults:2 | Bought a scroll of fear for 52 gold pieces
 26585 | Vaults:2 | Identified a scroll of acquirement
 26586 | Vaults:2 | Identified the +0 large shield of Miracles {Dex+5} (You acquired it on level 2 of the Vaults)
 26803 | Vaults:4 | Reached skill level 7 in Spellcasting
 27192 | Vaults:3 | Reached skill level 7 in Invocations
 27302 | Vaults:4 | Found Bygreal's Book Shoppe.
 27333 | Vaults:4 | Bought a book of Summonings for 1330 gold pieces
 27333 | Vaults:4 | Bought a book of Minor Magic for 380 gold pieces
 27336 | Vaults:4 | Learned a level 2 spell: Blink
 27342 | Vaults:4 | Learned a level 5 spell: Aura of Abjuration
 27717 | Vaults:4 | Reached skill level 1 in Summonings
 27719 | Vaults:4 | Noticed Frederick
 27723 | Vaults:4 | Killed Frederick
 27723 | Vaults:4 | Reached skill level 10 in Armour
 27723 | Vaults:4 | Reached skill level 9 in Transmutations
 27818 | Vaults:4 | Identified the Catalogue of Ghastly Enhancements
 27944 | Vaults:4 | Identified the +1 robe of Kagonan {rElec rC+ Int+4} (You acquired it on level 4 of the Vaults)
 28030 | Vaults:5 | Entered Level 5 of the Vaults
 28047 | Vaults:5 | Reached skill level 20 in Unarmed Combat
 28047 | Vaults:5 | Reached skill level 2 in Summonings
 28047 | Vaults:5 | Reached skill level 1 in Necromancy
 28047 | Vaults:5 | Reached XP level 22. HP: 146/209 MP: 16/31
 28048 | Vaults:5 | Reached skill level 1 in Charms
 28255 | Vaults:5 | Reached skill level 3 in Summonings
 28332 | Vaults:5 | Reached skill level 2 in Necromancy
 28485 | Vaults:5 | Identified the Compendium of Supportive Orientation
 28489 | Vaults:5 | Learned a level 1 spell: Apportation
 28541 | Vaults:5 | Reached skill level 11 in Fighting
 28841 | Vaults:5 | Reached skill level 2 in Charms
 28854 | Vaults:5 | Reached skill level 8 in Invocations
 28871 | Vaults:5 | Identified the +8 hand crossbow "Beteus" {velocity, rElec} (You took it off a yaktaur captain on level 5 of the Vaults)
 28916 | Vaults:5 | Found Kirgh's Distillery.
 28916 | Vaults:5 | Found Syiryloang's Jewellery Boutique.
 28920 | Vaults:5 | Found Narop's Gadget Shop.
 28939 | Vaults:5 | Bought a potion of heal wounds for 90 gold pieces
 28939 | Vaults:5 | Bought 2 potions of resistance for 360 gold pieces
 28939 | Vaults:5 | Bought a potion of heal wounds for 90 gold pieces
 28939 | Vaults:5 | Bought a potion of agility for 72 gold pieces
 28963 | Vaults:5 | Reached skill level 4 in Summonings
 29020 | Vaults:5 | Reached skill level 3 in Necromancy
 29036 | Vaults:5 | Found Nuotuthe's Antique Weapon Emporium.
 29109 | Vaults:5 | Reached skill level 11 in Dodging
 29154 | Vaults:5 | Reached skill level 11 in Throwing
 29202 | Vaults:5 | HP: 11/211 [war gargoyle/spray of metal splinters (41)]
 29277 | Vaults:5 | Reached XP level 23. HP: 152/219 MP: 32/32
 29536 | Vaults:5 | Identified The Testament of the Deep Elf Lorekeeper
 29538 | Vaults:5 | Got a silver rune of Zot
 29606 | Vaults:5 | Bought a potion of curing for 54 gold pieces
 29606 | Vaults:5 | Bought a potion of curing for 54 gold pieces
 29606 | Vaults:5 | Bought 2 potions of curing for 108 gold pieces
 29838 | Vaults:2 | Identified the +7 hand axe of Boafoefof {freeze, rPois MR+ Str-5 Int+5} (You found it on level 2 of the Vaults)
 30073 | Vaults:2 | Found Estrol's Antique Weapon Boutique.
 30074 | Vaults:2 | Found Daneacvaenku's Distillery.
 30384 | D:15     | Learned a level 1 spell: Beastly Appendage
 30387 | D:15     | Learned a level 2 spell: Shroud of Golubria
 30390 | Depths:1 | Entered Level 1 of the Depths
 30407 | Depths:1 | Found a gateway to Hell.
 30461 | Depths:1 | Reached skill level 4 in Necromancy
 30650 | Depths:1 | Found a magical portal.
 30707 | Depths:1 | Reached skill level 5 in Summonings
 30738 | WizLab   | Entered The Hall of the Hellbinder
 30980 | WizLab   | Reached skill level 9 in Invocations
 31022 | WizLab   | Reached skill level 11 in Armour
 31037 | WizLab   | Reached skill level 12 in Dodging
 31056 | WizLab   | Found a burning altar of Makhleb.
 31067 | WizLab   | Identified the amulet of Xaig {Inacc rN+ Str+3 SInv} (You found it in a wizard's laboratory)
 31081 | WizLab   | Identified The Papyrus of Greatest Risks and Utility
 31083 | WizLab   | Identified the Tome of the Escort
 31269 | Depths:1 | Reached skill level 21 in Unarmed Combat
 31599 | D:15     | Learned a level 1 spell: Summon Butterflies
 31690 | Depths:3 | Paralysed by a floating eye for 2 turns
 31719 | Depths:3 | Found a gateway to a ziggurat.
 31832 | Depths:3 | Found a one-way gate to the infinite horrors of the Abyss.
 31843 | Depths:3 | Voluntarily entered the Abyss.
 31989 | Abyss:3  | Found a corrupted altar of Lugonu.
 32066 | Abyss:3  | Reached skill level 6 in Summonings
 32375 | Abyss:3  | Got an abyssal rune of Zot
 32394 | Depths:3 | Escaped the Abyss
 32509 | Depths:3 | Reached skill level 7 in Summonings
 32566 | Depths:3 | Reached XP level 24. HP: 231/231 MP: 30/32
 32589 | Hell     | Entered the Vestibule of Hell
 32589 | Hell     | Noticed Geryon
 32595 | Hell     | Reached skill level 12 in Throwing
 32595 | Hell     | Gained mutation: Your body sometimes deteriorates upon taking damage. [a cacodemon]
 32662 | Depths:2 | Reached skill level 12 in Fighting
 32752 | Depths:3 | Reached skill level 8 in Summonings
 32835 | Hell     | Killed Geryon
 32908 | Hell     | Reached skill level 10 in Invocations
 32931 | Hell     | Reached skill level 9 in Summonings
 32994 | Hell     | Gained mutation: Potions are less effective at restoring your health. [a cacodemon]
 33079 | Hell     | Found a gateway to the decaying netherworld of Tartarus.
 33184 | Hell     | Found a gateway to the ashen valley of Gehenna.
 33192 | Geh:1    | Entered Level 1 of Gehenna
 33358 | Geh:2    | Reached skill level 10 in Summonings
 33567 | Geh:3    | Reached skill level 22 in Unarmed Combat
 33923 | Geh:3    | Reached skill level 11 in Summonings
 34050 | Geh:3    | Reached skill level 13 in Fighting
 34080 | Geh:4    | Reached XP level 25. HP: 99/244 MP: 32/32
 34333 | Geh:7    | Entered Level 7 of Gehenna
 34358 | Geh:7    | Reached skill level 11 in Invocations
 34595 | Geh:7    | HP: 18/244 [sun demon[a balrug] (15)]
 34625 | Geh:7    | Identified the ring "Puam Eqo" {+Fly MR++ Int-5 Dex+2} (You took it off a balrug on level 7 of Gehenna)
 34729 | Geh:7    | HP: 20/244 [??? (18)]
 34932 | Geh:7    | HP: 18/247 [??? (16)]
 34938 | Geh:7    | Killed from afar by a Brimstone Fiend

Skill      XL: |  1  2  3  4  5  6  7  8  9 10 11 12 13 14 15 16 17 18 19 20 21 22 23 24 25 |
---------------+----------------------------------------------------------------------------+-----
Unarmed Combat | 1 2 3 5 6 8 9 12 13 14 15 16 17 18 19 20 21 22 | 22.6
Fighting       | 1 2 4 5 7 9 10 11 13 | 13.7
Dodging        | 2 4 5 7 8 9 10 11 12 | 12.0
Invocations    | 4 5 6 7 8 9 10 11 | 11.0
Throwing       | 7 9 10 11 12 | 12.0
Shields        | 5 6 7 8 10 12 14 15 | 15.0
Armour         | 6 7 9 10 11 | 11.0
Transmutations | 1 5 7 8 9 |  9.0
Spellcasting   | 2 3 5 6 7 |  7.0
Translocations | 2 6 7 |  7.4
Summonings     | 2 4 7 11 | 11.6
Necromancy     | 1 3 4 |  4.7
Charms         | 2 |  2.8
Short Blades   | |  0.7
Stealth        | |  1.5
Hexes          | |  2.9

Action                   |  1- 3 |  4- 6 |  7- 9 | 10-12 | 13-15 | 16-18 | 19-21 | 22-24 | 25-27 || total
-------------------------+-------+-------+-------+-------+-------+-------+-------+-------+-------++-------
Melee: Unarmed           |    80 |    38 |   286 |   530 |  1190 |  1175 |  1229 |  1271 |   294 ||  6093
       Punch             |     1 |       |    12 |    50 |     3 |       |     3 |       |       ||    69
       Kick              |       |       |       |       |       |       |       |   162 |    86 ||   248
       Headbutt          |       |       |       |       |       |       |       |    50 |    25 ||    75
Throw: Throwing net      |     4 |       |       |       |     1 |       |       |     1 |       ||     6
       Large rock        |       |       |       |       |    23 |   162 |   133 |   317 |    46 ||   681
       Tomahawk          |       |       |       |       |    21 |       |       |       |       ||    21
 Cast: Corona            |    11 |     5 |    38 |   105 |    42 |     1 |       |       |       ||   202
       Confuse           |       |       |       |    16 |       |       |       |       |       ||    16
       Tukima's Dance    |       |       |       |     4 |       |       |       |       |       ||     4
       Passwall          |       |       |       |       |       |       |     1 |     5 |       ||     6
       Blade Hands       |       |       |       |       |       |       |     1 |       |       ||     1
       Regeneration      |       |       |       |       |       |       |     6 |   101 |    31 ||   138
       Apportation       |       |       |       |       |       |       |       |   207 |    41 ||   248
       Portal Projectile |       |       |       |       |       |       |       |    17 |     9 ||    26
       Beastly Appendage |       |       |       |       |       |       |       |    34 |    22 ||    56
       Shroud of Golubri |       |       |       |       |       |       |       |    18 |     5 ||    23
       Aura of Abjuratio |       |       |       |       |       |       |       |     8 |       ||     8
       Blink             |       |       |       |       |       |       |       |     3 |       ||     3
Invok: Slouch            |       |       |       |       |     2 |    10 |    21 |    17 |     4 ||    54
       Step From Time    |       |       |       |       |       |       |       |     2 |       ||     2
 Abil: Evoke Flight      |       |       |       |       |       |    19 |       |       |       ||    19
       End Transformatio |       |       |       |       |       |       |     1 |       |       ||     1
       Cancel Portal Pro |       |       |       |       |       |       |       |     3 |       ||     3
Evoke: Wand              |       |       |       |     9 |    31 |    15 |    20 |     1 |       ||    76
       Lightning rod     |       |       |       |       |     4 |       |       |       |       ||     4
  Use: Potion            |       |     2 |     2 |     5 |     3 |     1 |     6 |    10 |     5 ||    34
       Scroll            |       |     5 |    11 |     6 |     9 |     9 |    21 |    11 |     2 ||    74
 Stab: Sleeping          |     2 |       |     8 |     7 |     5 |       |     2 |     9 |     1 ||    34
       Confused          |       |       |       |     3 |     2 |       |       |       |       ||     5
       Invisible         |       |       |       |     2 |       |       |       |       |       ||     2
       Distracted        |       |       |       |     1 |       |       |     1 |     4 |       ||     6
       Petrifying        |       |       |       |       |       |       |       |     1 |       ||     1
       Petrified         |       |       |       |       |       |       |       |     1 |       ||     1
  Eat: Chunk             |     8 |     5 |    21 |    38 |    58 |    43 |    52 |    48 |       ||   273
       Ration            |       |       |       |       |       |       |     1 |       |       ||     1
Armor: Robe              |    34 |     9 |    63 |   101 |    67 |       |       |       |       ||   274
       Fire dragon scale |       |       |       |       |    76 |   170 |   106 |   156 |    42 ||   550
Dodge: Dodged            |    48 |    15 |   116 |   252 |   324 |   488 |   345 |   433 |    72 ||  2093
Block: Large shield      |       |       |       |       |   999 |  1249 |  1106 |  1519 |   288 ||  5161
       Reflection        |       |       |       |       |       |       |    72 |   100 |     2 ||   174

Table legend:
 A = Turns spent in this place as a percentage of turns spent in the entire game.
 B = Non-inter-level travel turns spent in this place as a percentage of non-inter-level travel turns spent in the entire game.
 C = Inter-level travel turns spent in this place as a percentage of turns spent in this place.
 D = Turns resting spent in this place as a percentage of non-inter-level travel turns spent in this place.
 E = Turns spent auto-exploring this place as a percentage of non-inter-level travel turns spent in this place.
 F = Non-inter-level travel turns spent in this place divided by the number of levels of this place that you've seen.
                   A       B       C       D       E      F
               +-------+-------+-------+-------+-------+----------------------
         Total | 100.0 | 100.0 |  12.2 |   1.3 |   0.2 | 519.7
       Dungeon |  32.0 |  29.4 |  19.5 |   1.1 |   0.6 | 600.5
        Temple |   0.4 |   0.4 |  23.6 |   0.0 |   0.0 | 110.0
          Lair |  12.2 |  12.2 |  11.7 |   0.0 |   0.0 | 625.3
        Shoals |   7.8 |   8.5 |   5.0 |   2.4 |   0.0 | 647.8
     Snake Pit |   7.2 |   7.4 |   9.5 |   0.5 |   0.0 | 569.8
  Orcish Mines |   2.8 |   2.7 |  14.8 |   0.0 |   0.0 | 416.0
   Elven Halls |   8.8 |   8.6 |  14.1 |   1.1 |   0.0 | 884.0
        Vaults |  12.9 |  12.9 |  12.3 |   4.6 |   0.0 | 789.4
        Depths |   4.2 |   4.6 |   3.8 |   0.0 |   0.0 | 469.3
          Hell |   1.1 |   1.3 |   0.0 |   0.0 |   0.0 | 389.0
       Gehenna |   5.0 |   5.7 |   0.0 |   0.2 |   0.0 | 249.4
         Abyss |   2.3 |   2.6 |   0.0 |   0.0 |   0.0 | 199.5
         Trove |   0.2 |   0.2 |   0.0 |   0.0 |   0.0 |  54.0
        Bailey |   0.7 |   0.8 |   0.0 |   0.0 |   0.0 | 246.0
      Ice Cave |   1.3 |   1.5 |   0.0 |   5.6 |   0.0 | 464.0
        Wizlab |   1.1 |   1.3 |   0.0 |   0.0 |   0.0 | 385.0
               +-------+-------+-------+-------+-------+----------------------

Table legend:
 A = Kills in this place as a percentage of kills in entire the game.
 B = Kills by you in this place as a percentage of kills by you in the entire game.
 C = Kills by friends in this place as a percentage of kills by friends in the entire game.
 D = Other kills in this place as a percentage of other kills in the entire game.
 E = Experience gained in this place as a percentage of experience gained in the entire game.
 F = Experience gained in this place divided by the number of levels of this place that you have seen.
                   A       B       C       D       E      F
               +-------+-------+-------+-------+-------+----------------------
         Total | 100.0 | 100.0 | 100.0 | 100.0 | 100.0 | 20936.4
       Dungeon |  21.2 |  21.4 |  42.9 |   0.0 |   6.1 | 5048.1
          Lair |   9.0 |   9.1 |   0.0 |   0.0 |   4.7 | 9745.3
        Shoals |   7.4 |   7.5 |  14.3 |   3.8 |   9.3 | 28605.8
     Snake Pit |   8.5 |   8.6 |   0.0 |   3.8 |   9.9 | 30644.2
  Orcish Mines |   2.8 |   2.8 |   0.0 |   0.0 |   1.3 | 8325.5
   Elven Halls |   7.8 |   7.6 |  42.9 |  15.4 |  10.6 | 43634.7
        Vaults |  16.2 |  16.1 |   0.0 |  34.6 |  26.3 | 64916.2
        Depths |   4.2 |   3.8 |   0.0 |  38.5 |   6.4 | 26501.3
          Hell |   2.9 |   3.0 |   0.0 |   0.0 |   4.7 | 57880.0
       Gehenna |  12.6 |  12.8 |   0.0 |   3.8 |  13.9 | 24456.0
         Abyss |   2.9 |   2.9 |   0.0 |   0.0 |   3.1 | 9709.8
        Bailey |   1.2 |   1.2 |   0.0 |   0.0 |   0.1 | 1101.0
      Ice Cave |   1.6 |   1.6 |   0.0 |   0.0 |   0.8 | 9980.0
        Wizlab |   1.6 |   1.6 |   0.0 |   0.0 |   2.7 | 33423.0
               +-------+-------+-------+-------+-------+----------------------

Vault maps used:
D:1:      minmay_arrival_stone_box
D:2:      minmay_tromino_i4, uniq_robin
D:3:      first_ration, minmay_misc_feat_alley,
          nicolae_dithmenos_through_a_glass_darkly
D:4:      corexii_corridor_pit, uniq_ijyb, uniq_sigmund
D:5:      minmay_temple_entry_nine_rooms
D:7:      serial_shops, kennysheep_mini, uniq_pikel
D:8:      nicolae_overflow_crystal_walls, hangedman_pestilent_swarm,
          xom_confusion_cloud, uniq_gastronok
D:9:      erik_lair_orcish_takeover, orc_0_dummy, lightli_orcish_oven,
          uniq_maurice
D:10:     enter_trove_0, minmay_misc_feat_diagonals
D:12:     minmay_misc_feat_four_crosses, tgw_fedhas
D:13:     fort_yaktaur, david_vaults_4, enter_bailey_8
D:14:     nrook_pool_corridor
D:15:     grunt_enter_depths_hoard, serial_undead, serial_undead_b,
          serial_undead_e, serial_undead_b, serial_undead_d, serial_undead_d,
          serial_undead_f, serial_undead_d, serial_undead_f, tso_metal_star,
          statue_in_the_mist_lemuel
Temple:   minmay_crystal_snake_temple
Lair:1:   wad_woods_tower, nicolae_quartered_pool_medium, beast_lair_carwin_4
Lair:2:   minmay_shoals_entry_centaurs, portal_ice_cave_entry_pillars_1,
          grunt_megastairs_1, infiniplex_staircase_pool, lemuel_fruit_tree,
          lemuel_fruit_fields
Lair:3:   minmay_snake_entry_six_corridors, st_stairs_5, beast_lair_carwin_8,
          lemuel_fruit_fields, serial_bayou_shore_a, uniq_snorg, uniq_fannar
Lair:4:   small_statue_intersection, lemuel_fruit_fields,
          infiniplex_staircase_pool_2, grunt_megastairs_4
Lair:5:   grunt_megastairs_3
Lair:6:   gammafunk_lair_ancient_temple, slime_dummy
Shoals:2: serial_shops, shop, shop_statue, shop_scrolls, uniq_jorgrun,
          uniq_polyphemus, uniq_kirke
Shoals:3: uniq_bai_suzhen, uniq_donald, uniq_roxanne
Shoals:4: shoals_end_grunt_ice, shoal_ilsuiw, uniq_nikola
Snake:1:  basic_altar, serial_shops, freezing_bzr, guppyfry_library_mini
Snake:2:  special_room
Snake:3:  gammafunk_sealed_library
Snake:4:  snake_pit, uniq_vashnia, uniq_aizul
Orc:1:    basic_altar, library_closet
Orc:2:    grunt_orc_gardens, grunt_orc_garden, grunt_orc_garden,
          grunt_orc_garden, grunt_orc_garden, uniq_nessos
Elf:1:    eino_elf_arrival_the_gate, minmay_elf_annihilation
Elf:2:    spider_trap, minivault_16
Elf:3:    minmay_elf_hall_dome, grunt_ministairs_11, door_vault
Vaults:1: dpeg_vaults_monster_row, v_misc_32, hangedman_vaults_corner_blocks,
          nicolae_vaults_network_quinsquares, nicolae_vaults_display_case,
          nicolae_vaults_little_ls, nicolae_vaults_little_squares_1
Vaults:2: vaults_mumra_hexcomb, v_misc_28, minmay_crypt_entry_simple_box,
          v_misc_2, nicolae_vaults_back_hallway, vaults_standard_mumra_x,
          vaults_mumra_lcd, v_misc_24, hangedman_vaults_corner_blocks,
          nicolae_vaults_border_crossing, nicolae_vaults_angled_halls,
          ontoclasm_vaults_misaligned, vaults_room_door_ring,
          ontoclasm_vaults_chip, nicolae_vaults_shelves_hall,
          nicolae_vaults_circle_grid_a, serial_shops, nicolae_shop_behind_doors,
          nicolae_shop_crystal, nicolae_shop_trees, shop, shop, basic_altar
Vaults:3: v_pattern_3, v_misc_13, nicolae_vaults_three_branches,
          vaults_room_door_hall, grunt_vaults_swirl, ontoclasm_vaults_pinch,
          ontoclasm_vaults_spin, grunt_vaults_diagonal, nicolae_vaults_alarming
Vaults:4: vaults_dpeg_doors, ontoclasm_vaults_shuriken, v_misc_29,
          hangedman_vaults_stream, hangedman_vaults_nodes,
          ontoclasm_vaults_idyll, nicolae_vaults_good_morning_starshine,
          v_rooms_2, grunt_vaults_focal, vaults_room_boxed,
          hangedman_vaults_nails, hangedman_vaults_stretched_pinwheel,
          nicolae_vaults_little_squares_1, vaults_room_pools,
          ontoclasm_vaults_gateway, serial_shops, shop, uniq_frederick
Depths:1: pf_hell_entry_tar_spiral, mu_enter_wizlab_2, nicolae_sextant,
          serial_bayou_crossing
Depths:2: minmay_triangles_in_corner, serial_shops, shop, hell_entry,
          okawaru_ov_weapons_minmay
Depths:3: minmay_guarded_unrand_majin_bo, enter_ziggurat_e,
          grunt_mini_vestibule, nicolae_lava_and_water, pan_entry, abyss_entry,
          kennysheep_diamond, minmay_statues_item
Geh:7:    geh_grunt_pentagon
Abyss:1:  minivault_28
Abyss:3:  evilmike_abyss_rune_ettins
Trove:    trove_simple
Bailey:   bailey_axe_4, bailey
IceCv:    ice_cave_small_giant
WizLab:   wizlab_demon
